 Dungeon Crawl Stone Soup version 0.30-a0-760-g5a9884bb7c (webtiles) character file.

Game seed: 10955496417843094359

222046 boo the Axe Maniac (level 19, -6/187 HPs)
             Began as a Hill Orc Fighter on Feb 10, 2023.
             Was an Elder of Okawaru.
             Succumbed to a merfolk's poison
             ... on level 3 of the Shoals on Feb 11, 2023.
             The game lasted 01:31:02 (40753 turns).

boo the Axe Maniac (Hill Orc Fighter)              Turns: 40753, Time: 01:31:02

Health: -6/187     AC: 27    Str: 24    XL:     19   Next: 22%
Magic:  0/19       EV: 10    Int: 15    God:    Okawaru [****..]
Gold:   2315       SH:  0    Dex: 10    Spells: 18/18 levels left

rFire   + . .      SeeInvis .    W - +2 battleaxe (vamp)
rCold   + . .      Faith    .    (shield currently unavailable)
rNeg    . . .      Spirit   +    O - quicksilver dragon scales
rPois   .          Reflect  .    X - +2 helmet "Ofuekhloew" {rC+}
rElec   +          Harm     .    R - scarf {+Inv}
rCorr   .          Rampage  .    J - +2 pair of gloves {infuse}
Will    ++++.                    Z - +2 pair of boots of Amelioration {Fly rC+ Str-3 Int+4} Stlth
                                 N - amulet of guardian spirit
HPRegen 0.51/turn                s - ring "Releasec" {Fire rElec Will+ Int+3}
MPRegen 0.16/turn                I - ring of willpower

@: lethally poisoned (-6 -> -33), flying
A: no striking features
}: 1/15 runes: serpentine
a: Renounce Religion, Evoke Invisibility, Heroism, Finesse


You were on level 3 of the Shoals.
You worshipped Okawaru.
Okawaru was greatly pleased with you.
You visited 6 branches of the dungeon, and saw 30 of its levels.
You also visited: Ossuary, Gauntlet and Ice Cave.

You collected 3714 gold pieces.
You spent 1399 gold pieces at shops.

Inventory:

Hand Weapons
 a - a +0 broad axe of flaming
 c - a +2 executioner's axe of distortion
 r - the +6 hand axe of Wyrd {vamp, Fly}
   (You bought it in a shop on level 1 of the Shoals)

   Fly:       It grants you flight.
 D - a +4 battleaxe
 W - a +2 vampiric battleaxe (weapon)
Missiles
 y - 7 curare-tipped darts
 z - 3 throwing nets (quivered)
Armour
 J - a +2 pair of gloves of infusion (worn)
 K - the +0 mask of the Dragon {Will+ Slay+3 SInv}
   (You bought it in a shop on level 3 of the Dungeon)

   Slay:      It affects your accuracy & damage with ranged weapons and melee
   (+3).
   SInv:      It lets you see invisible.
   Will:      It increases your willpower.
 O - quicksilver dragon scales (worn)
 P - the +0 pair of boots of Subjectivity {rElec rF+ Regen+}
   (You found it in a Gauntlet)

   rF:        It protects you from fire.
   rElec:     It insulates you from electricity.
   Regen:     It increases your rate of health regeneration.
 R - a scarf of invisibility (worn)
 X - the +2 helmet "Ofuekhloew" (worn) {rC+}
   (You bought it in a shop on level 4 of the Snake Pit)

   rC:        It protects you from cold.
 Z - the +2 pair of boots of Amelioration (worn) {Fly rC+ Str-3 Int+4}
   (Okawaru gifted it to you on level 4 of the Lair of Beasts)

   Str:       It affects your strength (-3).
   Int:       It affects your intelligence (+4).
   rC:        It protects you from cold.
   Fly:       It grants you flight.
Jewellery
 l - a ring of willpower
 s - the ring "Releasec" (left hand) {Fire rElec Will+ Int+3}
   (You acquired it in an ice cave)

   [ring of fire]

   It enhances your fire magic.
   Int:       It affects your intelligence (+3).
   rF:        It protects you from fire.
   rC:        It makes you vulnerable to cold.
   rElec:     It insulates you from electricity.
   Will:      It increases your willpower.
 t - a ring of positive energy
 A - a ring of positive energy
 I - a ring of willpower (right hand)
 N - an amulet of guardian spirit (around neck)
 Q - a ring of willpower
Wands
 i - a wand of light (5)
 w - a wand of mindburst (7)
 C - a wand of flame (35)
 E - a wand of roots (20)
Scrolls
 b - 2 scrolls of amnesia
 e - 5 scrolls of enchant armour
 g - 6 scrolls of blinking
 k - 3 scrolls of magic mapping
 o - a scroll of teleportation
 p - 3 scrolls of poison
 x - 6 scrolls of enchant weapon
 F - 2 scrolls of fog
 H - 3 scrolls of silence
Potions
 d - 4 potions of might
 f - 5 potions of mutation
 h - 4 potions of haste
 j - 2 potions of ambrosia
 m - 10 potions of curing
 q - 6 potions of magic
 u - 2 potions of flight
 B - 3 potions of resistance
 G - 2 potions of cancellation
 L - 3 potions of lignification {unknown}
 M - a potion of heal wounds
 S - 4 potions of invisibility {unknown}
 V - 3 potions of brilliance {unknown}
 Y - a potion of experience {unknown}


   Skills:
 * Level 20.7 Fighting
 O Level 27 Axes
 + Level 11.0 Throwing
 + Level 18.3 Armour
 - Level 5.0 Shields


You had 18 spell levels left.
You didn't know any spells.
Your spell library contained the following spells:

 Spells                   Type           Power      Damage    Failure   Level
 Apportation              Tloc           0%         N/A       34%         1
 Beastly Appendage        Tmut           0%         N/A       34%         1
 Freeze                   Ice            0%         1d3       34%         1
 Kiss of Death            Conj/Necr      0%         2d5       34%         1
 Necrotise                Necr           0%         1d4       34%         1
 Cigotuvi's Dreadful Rot  Necr/Pois/Air  0%         N/A       47%         2
 Ensorcelled Hibernation  Hex/Ice        0%         N/A       47%         2
 Momentum Strike          Conj/Tloc      0%         3d8       47%         2
 Passwall                 Tmut/Erth      0%         N/A       47%         2
 Scorch                   Fire           0%         2d5       47%         2
 Wereblood                Tmut           0%         N/A       47%         2
 Confusing Touch          Hex            0%         N/A       71%         3
 Frozen Ramparts          Ice            0%         1d1       71%         3
 Hailstorm                Conj/Ice       0%         3d3       71%         3
 Inner Flame              Hex/Fire       0%         N/A       71%         3
 Portal Projectile        Hex/Tloc       0%         N/A       71%         3
 Spider Form              Tmut/Pois      0%         N/A       71%         3
 Swiftness                Air            0%         N/A       71%         3
 Vampiric Draining        Necr           0%         2d6       71%         3
 Cause Fear               Hex            0%         N/A       98%         4
 Dispel Undead            Necr           0%         3d6       98%         4
 Flame Wave               Conj/Fire      0%         2d4       98%         4
 Fulminant Prism          Conj/Hex       0%         3d5       98%         4
 Ice Form                 Ice/Tmut       0%         N/A       98%         4
 Leda's Liquefaction      Hex/Erth       0%         N/A       98%         4
 Agony                    Necr           0%         N/A       100%        5
 Alistair's Intoxication  Tmut/Pois      0%         N/A       100%        5
 Blade Hands              Tmut           0%         N/A       100%        5
 Borgnjor's Vile Clutch   Necr/Erth      0%         N/A       100%        5
 Freezing Cloud           Conj/Ice/Air   0%         6-21      100%        5
 Dispersal                Tloc           0%         N/A       100%        6
 Iron Shot                Conj/Erth      0%         9d1       100%        6
 Discord                  Hex            0%         N/A       100%        8
 Polar Vortex             Ice            0%         N/A       100%        9
 Call Canine Familiar     Summ           Unusable   N/A       N/A         3
 Tukima's Dance           Hex            Unusable   N/A       N/A         3
 Animate Dead             Necr           Unusable   N/A       N/A         4
 Summon Ice Beast         Ice/Summ       Unusable   N/A       N/A         4
 Death Channel            Necr           Unusable   N/A       N/A         6
 Simulacrum               Ice/Necr       Unusable   N/A       N/A         6
 Summon Cactus Giant      Summ           Unusable   N/A       N/A         6

Dungeon Overview and Level Annotations

Branches:
Dungeon (15/15)            Temple (1/1) D:6            Lair (5/5) D:10
 Shoals (3/4) Lair:3        Snake (4/4) Lair:3        Slime (0/5) Lair:4
    Orc (2/2) D:12            Elf (0/3) Orc:2        Vaults (0/5) D:13
 Depths (0/4) D:15        Ossuary (visited)           IceCv (visited)
Gauntlet (visited)

Altars:
Ashenzari
Dithmenos
Elyvilon
Gozag
Hepliaklqana
Kikubaaqudgha
Makhleb
Okawaru
Uskayaw
Vehumet
Wu Jian
Yredelemnul
The Shining One
Beogh

Shops:
D:3 [   D:14 !   Orc:1 :   Orc:2 !(([   Shoals:1 ((((:   Snake:2 :=*
Snake:4 *[=

Portals:
Trove: D:13 (give 2 scrolls of acquirement)

Annotations:
D:3 exclusion: statue
D:8 exclusion: downstairs
D:9 1 runed translucent door, Nabski's ghost, novice TeAE
D:15 4 transporters
Shoals:1 2 transporters, exclusion: downstairs, patfeehan111222's ghost, journeyman MiBe
Snake:3 exclusion: downstairs


Message History

The silver javelin pierces through you!
* * * LOW HITPOINT WARNING * * *
x2 The merfolk throws a boomerang.
The boomerang closely misses you. The merfolk closely misses you.
Your Throwing skill increases to level 11!
You slice the merfolk!!
You feel better.
The merfolk is severely wounded.
You chop the merfolk javelineer into pieces!!!
You feel very sick.
The merfolk throws a boomerang.
The boomerang hits you!
* * * LOW HITPOINT WARNING * * *
The merfolk hits you with a +1 trident of venom!
* * * LOW HITPOINT WARNING * * *
You are lethally poisoned!
The merfolk javelineer throws a silver javelin.
The silver javelin completely misses you.
You closely miss the merfolk.
The merfolk is severely wounded.
You closely miss the merfolk javelineer.
* * * LOW HITPOINT WARNING * * *
You feel extremely sick.
You carve the merfolk like a ham!!!
You kill the merfolk!
Okawaru accepts your kill.
You hear a splash. x2
You hit the merfolk javelineer.
You feel better.
* * * LOW HITPOINT WARNING * * *
You feel very sick.
The merfolk javelineer throws a silver javelin.
The silver javelin pierces through you but does no damage.
The merfolk hits you from afar with a +0 trident!
* * * LOW HITPOINT WARNING * * *
You slice the merfolk javelineer!!
The merfolk javelineer is almost dead.
Your surroundings suddenly seem different.
* * * LOW HITPOINT WARNING * * *
You feel very sick.
There is a lethal amount of poison in your body!
There is a lethal amount of poison in your body!
You die...

≈≈~~~~~~~~~~.~~≈≈~.
≈≈≈≈≈≈≈~~.~~~...~~~~~...
≈≈≈≈≈≈≈≈≈~≈≈~≈≈..≈≈~.~~~.
≈≈≈≈≈≈≈≈≈≈≈≈≈~~≈≈≈≈~~~~≈~
~~~~≈≈~~~≈≈≈≈~~~≈≈≈~~≈~~~
~~~~≈~~.~≈≈≈≈≈≈~.........
~~~~~~~~~≈≈≈≈≈≈≈
~~~~~~≈≈≈≈≈≈≈≈~~
..~~..≈≈@≈≈≈≈≈≈~
.....~≈≈≈≈≈≈≈≈≈~
..~~.~≈≈≈≈≈~≈≈~~
.~~~~~≈≈≈≈≈~≈~.~
..~≈≈≈≈≈≈≈≈~.~≈≈
~~~~~~≈≈≈≈≈..≈≈≈
≈≈≈~....~~~~~~≈≈
≈≈≈~~......~~≈≈≈
≈≈≈≈~........~≈


There were no monsters in sight!

Vanquished Creatures
  Mara (Snake:4)
  Saint Roka (Orc:2)
  Rupert (Snake:1)
  2 quicksilver dragons (Snake:4)
  A kraken (Shoals:1)
  Polyphemus (Shoals:1)
  Kirke (Lair:3)
  Agnes (Snake:2)
  2 nagarajas (Snake:4)
  A frost giant (IceCv)
  Aizul (Snake:1)
  The ghost of epsilonplus the Markstengu, an adept TeHu of Dithmenos (Snake:2)
  An orc warlord (Orc:2)
  Nessos (D:14)
  Azrael (Orc:2)
  A minotaur (Gauntlet)
  A merfolk impaler (Shoals:1)
  A yaktaur captain (D:11)
  A vault guard (D:13)
  6 salamander tyrants
  6 hydras
  5 anacondas
  3 boulder beetles
  4 centaur warriors
  An ogre mage (Orc:1)
  4 alligator snapping turtles (Shoals:2)
  4 death knights
  5 catoblepae
  2 death scarabs (Gauntlet)
  2 merfolk avatars
  A merfolk aquamancer (Shoals:3)
  9 naga warriors
  11 two-headed ogres
  19 death yaks
  4 satyrs (Shoals:2)
  3 alligators (Shoals:2)
  A vampire mage (D:15)
  An orc high priest (Orc:2)
  2 tengu warriors
  5 shock serpents
  10 naga sharpshooters
  Sonja (D:11)
  A sixfirhy (Gauntlet)
  A spectral death yak (Gauntlet)
  A fire crab (D:10)
  5 skysharks
  3 salamander mystics
  5 skeletal warriors
  Lodul (D:14)
  6 sea snakes
  An obsidian statue (Snake:2)
  2 swamp dragons (Lair:4)
  A goliath frog (Shoals:2)
  3 naga ritualists
  Pikel (D:6)
  22 harpies
  2 wizards (D:9)
  5 mana vipers
  A phantasmal warrior (D:15)
  A necromancer (D:15)
  2 orc knights
  2 deep elf pyromancers
  11 manticores
  24 ugly things
  11 salamanders
  8 cyclopes
  A wolf spider (Lair:2)
  An iron dragon skeleton (D:15)
  18 fauns (Shoals:2)
  A stone giant zombie (D:15)
  3 orc sorcerers
  A worldbinder (Gauntlet)
  10 elephants
  A fire giant skeleton (D:15)
  3 water nymphs
  42 black mambas
  6 merfolk sirens
  Joseph (D:10)
  17 naga magi
  4 guardian serpents
  An ice statue (IceCv)
  6 cane toads
  2 gargoyles (D:12)
  4 centaur skeletons (D:13)
  Maggie (Lair:2)
  3 unseen horrors (D:12)
  5 komodo dragons
  A kobold demonologist (D:10)
  7 rime drakes (IceCv)
  4 freezing wraiths
  4 yaktaurs (D:13)
  An efreet (D:9)
  A guardian mummy (D:15)
  10 trolls
  8 merfolk
  6 meliai (D:14)
  8 polar bears
  Grinder (D:4)
  4 wind drakes
  17 dream sheep
  8 snapping turtles
  16 blink frogs
  9 slime creatures
  2 shadows
  6 water elementals
  A culicivora (shapeshifter) (D:15)
  3 vampires
  5 wraiths
  5 wyverns
  3 fire elementals (Orc:2)
  2 hogs (Lair:3)
  70 yaks
  2 humans (Lair:3)
  2 steam dragons
  A yak (shapeshifter) (D:15)
  4 basilisks
  A spectral komodo dragon (Gauntlet)
  4 vampire mosquitoes
  2 wargs (Orc:2)
  29 nagas
  A spectral cane toad (Gauntlet)
  13 water moccasins
  2 hell hounds (Orc:2)
  2 acid dragons
  A human skeleton (D:15)
  29 orc warriors
  A hornet zombie (D:7)
  3 ice beasts
  3 sky beasts
  17 ogres
  28 wolves
  3 boggarts
  5 centaurs
  2 phantoms
  8 kobold brigands
  A gnoll sergeant (D:12)
  Blork the orc (D:6)
  10 bullfrogs
  A necrophage (D:7)
  3 scorpions
  5 water moccasin zombies (Ossuary)
  6 wights
  13 killer bees
  7 howler monkeys
  3 centaur zombies (D:7)
  2 bullfrog zombies (D:7)
  4 hounds
  A human zombie (D:7)
  16 orc priests
  31 orc wizards
  4 hell rats (Lair:1)
  2 killer bee zombies (D:7)
  3 mummies
  9 adders
  5 gnolls
  2 shadow imps
  3 ufetubi (Gauntlet)
  3 adder zombies (Ossuary)
  2 worms
  6 dart slugs
  94 orcs
  9 endoplasms
  6 giant cockroaches
  5 gnoll zombies (Ossuary)
  3 goblins
  13 hobgoblins
  3 jackals (D:1)
  10 kobolds
  5 quokkas
  8 ball pythons
  7 bats
  7 frilled lizards
  3 hobgoblin zombies (Ossuary)
  2 kobold zombies (Ossuary)
  3 orc zombies (Ossuary)
  2 quokka zombies (D:4)
  6 rats
  2 ball lightnings (Lair:3)
  3 tentacles (Shoals:1)
1080 creatures vanquished.

Vanquished Creatures (others)
  The ghost of Cancer the Stormcaller, a journeyman TeAE of Vehumet (Lair:3)
  A sea snake (Shoals:2)
  A naga mage (Snake:4)
  A komodo dragon (Lair:3)
  A ball lightning (Lair:3)
  31 fungi
  101 plants
  A tentacle (Shoals:1)
  4 withered plants (D:15)
142 creatures vanquished.

Grand Total: 1222 creatures vanquished

Notes
Turn   | Place    | Note
-------+----------+-------------------------------------------
     0 | D:1      | boo the Hill Orc Fighter began the quest for the Orb.
     0 | D:1      | Reached XP level 1. HP: 19/19 MP: 1/1
    68 | D:1      | Reached skill level 3 in Axes
    81 | D:1      | Reached XP level 2. HP: 24/27 MP: 2/2
   443 | D:1      | Reached XP level 3. HP: 26/33 MP: 3/3
   521 | D:1      | You fall into a shaft and drop 1 floor!
  1067 | D:1      | Reached skill level 4 in Axes
  1169 | D:2      | Reached XP level 4. HP: 38/40 MP: 4/4
  1779 | D:3      | Found Wycaguto's Armour Shop.
  1881 | D:3      | Reached XP level 5. HP: 12/47 MP: 5/5
  1996 | D:4      | Found a sand-covered staircase.
  2004 | D:4      | Reached skill level 5 in Axes
  2024 | Ossuary  | Entered an ossuary
  2147 | Ossuary  | Reached XP level 6. HP: 48/53 MP: 6/6
  2201 | Ossuary  | Reached skill level 5 in Fighting
  2288 | Ossuary  | Reached skill level 6 in Axes
  2314 | Ossuary  | Reached XP level 7. HP: 59/61 MP: 7/7
  2530 | D:3      | Found a radiant altar of Vehumet.
  2839 | D:4      | Reached skill level 5 in Armour
  2839 | D:4      | Reached skill level 5 in Shields
  2970 | D:4      | Reached skill level 7 in Axes
  3127 | D:4      | Noticed Grinder
  3141 | D:4      | Killed Grinder
  3142 | D:4      | Reached XP level 8. HP: 56/70 MP: 8/8
  3216 | D:4      | Identified the +1 ring mail "Beps" {Int+3}
  3342 | D:4      | Reached skill level 8 in Axes
  3603 | D:5      | Entered Level 5 of the Dungeon
  3771 | D:5      | Reached skill level 9 in Axes
  4219 | D:5      | Found a white marble altar of Elyvilon.
  4429 | D:6      | Noticed Blork the orc
  4438 | D:6      | Killed Blork the orc
  4582 | D:6      | Noticed Pikel
  4585 | D:6      | Reached skill level 10 in Axes
  4591 | D:6      | Reached XP level 9. HP: 76/79 MP: 9/9
  4591 | D:6      | Found a staircase to the Ecumenical Temple.
  4598 | D:6      | Killed Pikel
  4614 | Temple   | Entered the Ecumenical Temple
  4622 | Temple   | Became a worshipper of Warmaster Okawaru
  4668 | D:6      | Reached skill level 11 in Axes
  5124 | D:7      | Reached * piety under Okawaru
  5321 | D:7      | Reached skill level 12 in Axes
  5338 | D:7      | Found a basalt altar of Yredelemnul.
  5544 | D:7      | Reached XP level 10. HP: 89/90 MP: 10/10
  5949 | D:8      | Got the Folio of Warped Blasts
  6053 | D:8      | Reached ** piety under Okawaru
  6054 | D:8      | Reached skill level 13 in Axes
  6474 | D:8      | Found a hide-covered altar of Uskayaw.
  6521 | D:8      | Found a burning altar of Makhleb.
  6929 | D:3      | Bought a +0 pair of boots for 54 gold pieces
  6929 | D:3      | Bought the +0 mask of the Dragon {Will+ Slay+3 SInv} for
                  | 400 gold pieces
  6929 | D:3      | Found the +0 mask of the Dragon {Will+ Slay+3 SInv}
  7122 | D:9      | Found a runed translucent door.
  7123 | D:9      | Noticed Nabski's ghost (novice TeAE)
  7166 | D:9      | Reached *** piety under Okawaru
  7278 | D:9      | Reached skill level 14 in Axes
  7397 | D:9      | Noticed a two-headed ogre
  7646 | D:9      | Noticed a centaur warrior
  7657 | D:9      | Noticed a white ugly thing
  7661 | D:9      | Killed a centaur warrior
  7662 | D:9      | Reached skill level 10 in Fighting
  7684 | D:9      | Killed a white ugly thing
  7685 | D:9      | Reached XP level 11. HP: 58/101 MP: 8/11
  7691 | D:9      | Noticed a death knight
  7844 | D:9      | Killed a death knight
  7845 | D:9      | Reached skill level 15 in Axes
  7962 | D:9      | Noticed an orc knight
  8101 | D:9      | Reached **** piety under Okawaru
  8202 | D:9      | Noticed a wizard
  8207 | D:9      | Killed a wizard
  8244 | D:9      | Reached skill level 10 in Armour
  8260 | D:9      | Noticed a boulder beetle
  8289 | D:9      | Killed a boulder beetle
  8637 | D:9      | Killed a two-headed ogre
  8638 | D:9      | Reached skill level 16 in Axes
  8664 | D:9      | Reached ***** piety under Okawaru
  8694 | D:9      | Noticed a two-headed ogre
  8851 | D:9      | Noticed a seven-headed hydra
  8856 | D:9      | Noticed a manticore
  8857 | D:9      | Noticed a wizard
  8864 | D:9      | Killed a manticore
  8875 | D:9      | Killed a wizard
  8966 | D:9      | Noticed a cyclops
  8977 | D:9      | Killed a cyclops
  9016 | D:9      | Found an ancient bone altar of Kikubaaqudgha.
  9016 | D:9      | Found a broken altar of Ashenzari.
  9016 | D:9      | Found a hazy altar of Hepliaklqana.
  9016 | D:9      | Found a shadowy altar of Dithmenos.
  9164 | D:9      | Killed an orc knight
  9242 | D:9      | Killed a two-headed ogre
  9243 | D:9      | Reached skill level 17 in Axes
  9243 | D:9      | Reached XP level 12. HP: 78/112 MP: 9/12
  9390 | D:10     | Entered Level 10 of the Dungeon
  9405 | D:10     | Found an ornate altar of the Wu Jian Council.
  9436 | D:10     | Found a staircase to the Lair.
  9479 | D:10     | Noticed a two-headed ogre
  9484 | D:10     | Killed a two-headed ogre
 10685 | D:10     | Noticed Joseph
 10696 | D:10     | Killed Joseph
 10940 | Lair:1   | Entered Level 1 of the Lair of Beasts
 11024 | Lair:1   | Reached skill level 18 in Axes
 12720 | Lair:2   | Noticed a seven-headed hydra
 12730 | Lair:2   | Killed a three-headed hydra
 12936 | Lair:2   | Noticed Maggie
 12945 | Lair:2   | Killed Maggie
 13153 | Lair:2   | Reached skill level 19 in Axes
 13156 | Lair:2   | Reached XP level 13. HP: 110/122 MP: 13/13
 13171 | Lair:2   | Received a gift from Okawaru
 13947 | Lair:3   | You fall into a shaft and drop 1 floor!
 13976 | Lair:4   | Found a frozen archway.
 13980 | Lair:4   | Identified the +6 long sword "Ryupn" {flame, *Rage Will++}
 13990 | IceCv    | Entered an ice cave
 14326 | IceCv    | Identified a scroll of acquirement
 14343 | IceCv    | Acquired the ring "Releasec" {Fire rElec Will+ Int+3}
 14744 | IceCv    | Identified the +7 plate armour of Gehenna {Regen+ Str-5
                  | Int+6} (Okawaru gifted it to you in an ice cave)
 14744 | IceCv    | Received a gift from Okawaru
 14745 | IceCv    | Reached skill level 20 in Axes
 15126 | IceCv    | Noticed a frost giant
 15144 | IceCv    | Killed a frost giant
 16032 | Lair:3   | Reached skill level 21 in Axes
 16032 | Lair:3   | Reached XP level 14. HP: 102/133 MP: 12/14
 16404 | Lair:3   | Received a gift from Okawaru
 16588 | Lair:3   | Found a transporter.
 16611 | Lair:3   | Noticed Kirke
 16642 | Lair:3   | Killed Kirke
 16647 | Lair:3   | Found a staircase to the Snake Pit.
 16780 | Lair:3   | Reached skill level 1 in Throwing
 16952 | Lair:3   | Found a staircase to the Shoals.
 17357 | Lair:3   | Noticed Cancer's ghost (journeyman TeAE)
 17372 | Lair:3   | Found a transporter.
 17796 | Lair:4   | Identified the +2 pair of boots of Amelioration {Fly rC+
                  | Str-3 Int+4} (Okawaru gifted it to you on level 4 of the
                  | Lair of Beasts)
 17796 | Lair:4   | Received a gift from Okawaru
 17811 | Lair:4   | Reached skill level 15 in Fighting
 17872 | Lair:4   | Found a transporter.
 18127 | Lair:4   | Found a transporter.
 18652 | Lair:4   | Found a staircase to the Slime Pits.
 18787 | Lair:5   | Entered Level 5 of the Lair of Beasts
 18914 | Lair:5   | Reached skill level 22 in Axes
 18990 | Lair:5   | Found a shadowy altar of Dithmenos.
 20159 | Lair:5   | Reached XP level 15. HP: 120/141 MP: 13/15
 20278 | Lair:5   | Identified the +0 scale mail of Rira {rElec rN+ Int-5}
                  | (Okawaru gifted it to you on level 5 of the Lair of Beasts)
 20278 | Lair:5   | Received a gift from Okawaru
 21261 | D:11     | Noticed Sonja
 21270 | D:11     | Killed Sonja
 21884 | D:12     | Reached skill level 23 in Axes
 22303 | D:12     | Reached skill level 5 in Throwing
 22824 | D:12     | Found a staircase to the Orcish Mines.
 22998 | D:13     | Found a gate leading to a gauntlet.
 23032 | Gauntlet | Entered a Gauntlet
 23032 | Gauntlet | Found a transporter.
 23032 | Gauntlet | Found a transporter.
 23064 | Gauntlet | Found a transporter.
 23064 | Gauntlet | Found a transporter.
 23083 | Gauntlet | Found a transporter.
 23089 | Gauntlet | Found a large runed translucent door.
 23090 | Gauntlet | Found a large runed translucent door.
 23091 | Gauntlet | Found a large runed translucent door.
 23091 | Gauntlet | Found a large runed translucent door.
 23092 | Gauntlet | Found a runed translucent gate.
 23092 | Gauntlet | Found a transporter.
 23093 | Gauntlet | Found a transporter.
 23093 | Gauntlet | Found a transporter.
 23093 | Gauntlet | Found a runed translucent gate.
 23094 | Gauntlet | Found a runed translucent gate.
 23096 | Gauntlet | Found a large runed translucent door.
 23097 | Gauntlet | Found a large runed translucent door.
 23115 | Gauntlet | Found a transporter.
 23131 | Gauntlet | Found a large runed translucent door.
 23132 | Gauntlet | Found a large runed translucent door.
 23142 | Gauntlet | Found a large runed translucent door.
 23142 | Gauntlet | Found a large runed translucent door.
 23142 | Gauntlet | Found a runed translucent door.
 23142 | Gauntlet | Found a runed translucent door.
 23143 | Gauntlet | Found a large runed translucent door.
 23157 | Gauntlet | Found a large runed translucent door.
 23157 | Gauntlet | Found a large runed translucent door.
 23158 | Gauntlet | Found a large runed translucent door.
 23159 | Gauntlet | Found a large runed translucent door.
 23161 | Gauntlet | Found a transporter.
 23198 | Gauntlet | Found a transporter.
 23215 | Gauntlet | Found a transporter.
 23272 | Gauntlet | Found a transporter.
 23286 | Gauntlet | Found a transporter.
 23330 | Gauntlet | Found a large runed translucent door.
 23358 | Gauntlet | Reached skill level 15 in Armour
 23359 | Gauntlet | Identified the +0 pair of boots of Subjectivity {rElec rF+
                  | Regen+}
 23777 | Gauntlet | Identified the +0 troll leather armour of Deph {rC+ Regen+
                  | rCorr Int+3 Dex-3}
 23917 | D:13     | Found a portal to a secret trove of treasure.
 23978 | D:13     | Found a gate to the Vaults.
 24455 | D:14     | Found Esui's Distillery.
 24473 | D:14     | Noticed Lodul
 24488 | D:14     | Killed Lodul
 24488 | D:14     | Received a gift from Okawaru
 24546 | D:14     | Noticed Nessos
 24563 | D:14     | Killed Nessos
 24564 | D:14     | Reached skill level 24 in Axes
 24670 | D:14     | Reached XP level 16. HP: 136/152 MP: 13/16
 24800 | D:14     | Identified the +0 crystal plate armour of Integrity {Str+3}
                  | (Okawaru gifted it to you on level 14 of the Dungeon)
 24800 | D:14     | Received a gift from Okawaru
 25602 | D:15     | Entered Level 15 of the Dungeon
 25924 | D:15     | Found a staircase to the Depths.
 26194 | D:15     | Found a transporter.
 26216 | D:15     | Found a transporter.
 26308 | D:15     | Found a transporter.
 26333 | D:15     | Found a transporter.
 26609 | Snake:1  | Entered Level 1 of the Snake Pit
 26609 | Snake:1  | Noticed Rupert
 26611 | Snake:1  | Noticed Aizul
 26617 | Snake:1  | Killed Aizul
 26629 | Snake:1  | Killed Rupert
 27669 | Snake:2  | Reached skill level 25 in Axes
 27763 | Snake:2  | Received a gift from Okawaru
 27799 | Snake:2  | Noticed Agnes
 27814 | Snake:2  | Killed Agnes
 28098 | Snake:2  | Found Esicrum's Book Shoppe.
 28098 | Snake:2  | Found Esof's Jewellery Boutique.
 28099 | Snake:2  | Found Xoshriz's Book Shoppe.
 28123 | Snake:2  | Found a runed translucent gate.
 28125 | Snake:2  | Found Obruomu's Assorted Antiques.
 28126 | Snake:2  | Found a runed translucent gate.
 28126 | Snake:2  | Found an opulent altar of Gozag.
 28127 | Snake:2  | Found a runed translucent gate.
 28127 | Snake:2  | Noticed epsilonplus's ghost (adept TeHu)
 28349 | Snake:2  | Killed epsilonplus's ghost
 28386 | Snake:2  | Received a gift from Okawaru
 28656 | Orc:1    | Entered Level 1 of the Orcish Mines
 28656 | Orc:1    | Found Unyseaf's Book Shop.
 28745 | Orc:2    | Entered Level 2 of the Orcish Mines
 28908 | Orc:2    | Noticed Saint Roka
 29034 | Orc:2    | Killed Saint Roka
 29035 | Orc:2    | Reached XP level 17. HP: 125/162 MP: 8/17
 29136 | Orc:2    | Noticed Azrael
 29154 | Orc:2    | Killed Azrael
 29175 | Orc:2    | Received a gift from Okawaru
 29408 | Orc:2    | Found a roughly hewn altar of Beogh.
 29429 | Orc:2    | Found a staircase to the Elven Halls.
 29611 | Orc:2    | Found a roughly hewn altar of Beogh.
 29612 | Orc:2    | Found Xame's Distillery.
 29680 | Orc:2    | Found a roughly hewn altar of Beogh.
 29729 | Orc:2    | Found a roughly hewn altar of Beogh.
 29739 | Orc:2    | Found Fuaxkyaja's Antique Weapon Emporium.
 29780 | Orc:2    | Found a roughly hewn altar of Beogh.
 29814 | Orc:2    | Found a roughly hewn altar of Beogh.
 29946 | Orc:2    | Found Zontol's Antique Weapon Emporium.
 29947 | Orc:2    | Found a roughly hewn altar of Beogh.
 29948 | Orc:2    | Found Vufeic's Antique Armour Shoppe.
 30350 | Lair:3   | Killed Cancer's ghost
 31335 | Snake:3  | Received a gift from Okawaru
 31355 | Snake:3  | Reached skill level 26 in Axes
 31902 | Snake:3  | Found a white marble altar of Elyvilon.
 31967 | Snake:4  | Entered Level 4 of the Snake Pit
 32431 | Snake:4  | Received a gift from Okawaru
 32703 | Snake:4  | HP: 7/166 [shock serpent/bolt of electricity (5)]
 32703 | Snake:4  | HP: 3/166 [shock serpent/bolt of electricity (4)]
 32705 | Snake:4  | HP: 1/166 [poisoned by a naga mage]
 32840 | Snake:4  | Reached XP level 18. HP: 166/173 MP: 15/18
 32919 | Snake:4  | Noticed Mara
 32928 | Snake:4  | Noticed boo's illusion
 33252 | Snake:4  | Noticed boo's illusion
 33261 | Snake:4  | Killed Mara
 33390 | Snake:4  | Received a gift from Okawaru
 33646 | Snake:4  | Reached skill level 27 in Axes
 33683 | Snake:4  | Noticed a quicksilver dragon
 33683 | Snake:4  | Noticed a quicksilver dragon
 33693 | Snake:4  | Killed a quicksilver dragon
 33702 | Snake:4  | Killed a quicksilver dragon
 33824 | Snake:4  | Got a serpentine rune of Zot
 34013 | Snake:4  | Found Cooff's Jewellery Shoppe.
 34146 | Snake:4  | Found Ceeniruw's Armour Shoppe.
 34149 | Snake:4  | Found Muhemane's Assorted Antiques.
 34158 | Snake:4  | Bought an ancient helmet for 304 gold pieces
 34158 | Snake:4  | Identified the +2 helmet "Ofuekhloew" {rC+} (You bought it
                  | in a shop on level 4 of the Snake Pit)
 34158 | Snake:4  | Bought a scroll of identify for 64 gold pieces
 34707 | Shoals:1 | Entered Level 1 of the Shoals
 34984 | Shoals:1 | Found Korunuge's Book Shop.
 35345 | Shoals:1 | Found a transporter.
 35345 | Shoals:1 | Found a transporter.
 35350 | Shoals:1 | Noticed patfeehan111222's ghost (journeyman MiBe)
 35696 | Shoals:1 | Found Suhoat's Antique Weapon Boutique.
 35747 | Shoals:1 | Found Visewo's Antique Weapon Shop.
 35774 | Shoals:1 | Reached skill level 10 in Throwing
 35882 | Shoals:1 | Found Amuepaup's Weapon Shop.
 36111 | Shoals:1 | Found Geumm's Antique Weapon Shop.
 36211 | Shoals:1 | Bought a polished hand axe for 216 gold pieces
 36211 | Shoals:1 | Identified the +6 hand axe of Wyrd {vamp, Fly} (You bought
                  | it in a shop on level 1 of the Shoals)
 37344 | Shoals:2 | Noticed Polyphemus
 37381 | Shoals:1 | Killed Polyphemus
 37707 | Shoals:2 | HP: 6/178 [snapping turtle (10)]
 38193 | Shoals:2 | Received a gift from Okawaru
 38373 | Shoals:1 | Bought a runed battleaxe for 361 gold pieces
 39137 | Shoals:2 | Received a gift from Okawaru
 39191 | Shoals:2 | Reached XP level 19. HP: 128/185 MP: 3/19
 39692 | Shoals:2 | Received a gift from Okawaru
 40751 | Shoals:3 | HP: 6/187 [merfolk/+0 trident[a merfolk javelineer] (14)]
 40752 | Shoals:3 | HP: 1/187 [poisoned by a merfolk]
 40753 | Shoals:3 | Succumbed to a merfolk's poison

Illustrated notes

Levels and vault maps discovered:
D:1:      lordsloth_arrival_two_stooges, layout_loops_ring
D:2:      layout_rooms, nicolae_eternal_life, grunt_decor_one_mirror
D:3:      layout_basic, vehumet_statue, serial_shops,
          nicolae_shop_competitors_out_of_business
D:4:      layout_loops_ring, enter_ossuary_4, minmay_ruptured, uniq_grinder
D:5:      layout_rooms, elyvilon_altar_1, st_stairs_1
D:6:      layout_rooms, minmay_temple_entry_waves, nicolae_elevator_lobby_plus,
          uniq_pikel, uniq_blork_the_orc
D:7:      layout_loops_cross, lemuel_mausoleum_altar_yredelemnul,
          kennysheep_another_room, supply_closet_lemuel, sigmund_army
D:8:      layout_basic, mainiacjoe_overflow_boulevard,
          mainiacjoe_overflow_alcove_4
D:9:      minmay_the_grid_3x2 [minmay_the_grid_armoury,
          minmay_the_grid_minigrid_medium, minmay_the_grid_slots,
          minmay_the_grid_minigrid_large, minmay_the_grid_spin_star,
          minmay_the_grid_prize_four_corners], layout_loops_ring,
          grunt_temple_overflow_cloverleaf, hellmonk_ghost_big_iron
D:10:     layout_roguey, nicolae_wu_jian_wuxing_cycle, minmay_lair_entry_lava,
          uniq_joseph
D:11:     layout_stronghold, kennysheep_just_a_vault, uniq_sonja
D:12:     minmay_imperfect_grid, layout_irregular_city,
          minmay_misc_feat_ornament
D:13:     layout_cave_pools, hangedman_vaults_entry_quadrant_bands,
          enter_trove_5, gauntlet_entry_generic
D:14:     layout_irregular_city, hangedman_glass_teeth, serial_shops,
          nicolae_shop_advertising_works [nicolae_subvault_shop_adworks],
          hangedman_decor_growths, uniq_lodul, uniq_nessos
D:15:     gammafunk_depths_entry_grave, layout_long_grid, chequers_arboretum,
          nicolae_diode_intersection
Temple:   nicolae_temple_bog_church
Lair:1:   layout_long_grid
Lair:2:   layout_cave_pods, nicolae_lair_run_with_the_wolves,
          infiniplex_staircase_pool_2, uniq_maggie
Lair:3:   layout_layer_cave, minmay_shoals_entry_beasts,
          guppyfry_snake_entry_island, gammafunk_ghost_arena, uniq_kirke
Lair:4:   gammafunk_cloud_chamber, layout_small_grid, dpeg_slime_entry_enclosed,
          portal_ice_cave_entry_pillars_2, st_stairs_8,
          nicolae_lair_grove_arrangements
Lair:5:   evilmike_catoblepas_cave, layout_cave_pods, basic_altar
Shoals:1: layout_shoals, serial_shops, shop, shop_fountains, nicolae_shop_trees,
          shop, nicolae_shop_bloodbath_and_beyond, ebering_ghost_davey_jones
Shoals:2: nicolae_shoals_island_circles, layout_shoals,
          nicolae_shoals_goliath_grotto, uniq_polyphemus
Shoals:3: layout_shoals, lemuel_oklob_altar
Snake:1:  layout_rooms, serial_bayou_shore_b, uniq_rupert, uniq_aizul
Snake:2:  layout_onion_interference, ebering_ghost_gozag, grunt_megastairs_1,
          minmay_shop_grove, uniq_agnes
Snake:3:  layout_basic, basic_altar, grunt_megastairs_4, nicolae_triple_integral
Snake:4:  hellmonk_snake_rune_quicksilver_temple, layout_rooms,
          nicolae_snake_serpentine_bazaar, uniq_mara, uniq_saint_roka
Orc:1:    layout_diamond_mine, serial_shops, shop
Orc:2:    grunt_orc_community_town_hall, layout_diamond_mine,
          grunt_orc_community_big_house_1, grunt_orc_community_big_house_2,
          grunt_orc_community_house_3, grunt_orc_community_house_1,
          grunt_orc_community_house_3, grunt_orc_community_house_1, uniq_azrael

Skill      XL: |  1  2  3  4  5  6  7  8  9 10 11 12 13 14 15 16 17 18 19 |
---------------+----------------------------------------------------------+-----
Axes           | 3 4 5 6 7 10 12 14 17 19 21 22 24 25 26 27 | 27.0
Fighting       | 4 5 6 7 8 10 11 13 14 15 16 17 18 20 | 20.7
Armour         | 4 5 6 8 9 10 12 13 14 15 16 17 18 | 18.3
Shields        | 4 5 |  5.0
Throwing       | 3 6 7 9 10 11 | 11.0

Action                     |  1- 3 |  4- 6 |  7- 9 | 10-12 | 13-15 | 16-18 | 19-21 || total
---------------------------+-------+-------+-------+-------+-------+-------+-------++-------
  Melee: War axe           |   113 |   163 |   398 |   468 |    60 |       |       ||  1202
         Hand axe          |       |       |    29 |    18 |       |       |       ||    47
         Broad axe         |       |       |       |     5 |   725 |     4 |       ||   734
         Scimitar          |       |       |       |     5 |       |       |       ||     5
         Battleaxe         |       |       |       |       |   144 |  1460 |   155 ||  1759
  Throw: Javelin           |       |       |       |       |     3 |       |     4 ||     7
         Dart              |       |       |       |       |       |       |     7 ||     7
 Invoke: Heroism           |       |       |       |    13 |    27 |    26 |     4 ||    70
         Finesse           |       |       |       |       |       |     2 |       ||     2
  Evoke: Wand              |       |       |       |     2 |       |       |       ||     2
    Use: Scroll            |       |       |     5 |     9 |    13 |    22 |     3 ||    52
         Potion            |       |       |       |     1 |     4 |     9 |       ||    14
   Stab: Petrified         |       |       |       |       |       |     4 |       ||     4
         Petrifying        |       |       |       |       |       |     2 |       ||     2
 Armour: Scale mail        |    49 |    76 |    70 |       |       |       |       ||   195
         Plate armour      |       |       |   142 |   262 |       |       |       ||   404
         Swamp dragon scal |       |       |       |     7 |   418 |   535 |       ||   960
         Quicksilver drago |       |       |       |       |       |   279 |   106 ||   385
  Dodge: Dodged            |    49 |    66 |   119 |   129 |   366 |   646 |    77 ||  1452
  Block: Buckler           |    29 |    44 |    81 |   105 |   132 |       |       ||   391

Table legend: (Time is in decaauts)
 A = Elapsed time spent in this place.
 B = Non-inter-level travel time spent in this place.
 C = Inter-level travel time spent in this place.
 D = Time resting spent in this place.
 E = Time spent auto-exploring this place.
 F = Levels seen in this place.
 G = Mean time per level.
                   A        B        C        D        E       F      G
               +--------+--------+--------+--------+--------+-----+--------+
         Total |  40044 |  37358 |   2686 |  12441 |  17734 |  33 | 1213.5 |
       Dungeon |  16089 |  14877 |   1212 |   3640 |   8518 |  15 | 1072.6 |
        Temple |     16 |     16 |      0 |      0 |      0 |   1 |   16.0 |
          Lair |   8363 |   7436 |    927 |   2009 |   3959 |   5 | 1672.6 |
        Shoals |   5883 |   5705 |    178 |   3189 |   1723 |   3 | 1961.0 |
     Snake Pit |   5372 |   5061 |    311 |   1680 |   2279 |   4 | 1343.0 |
  Orcish Mines |   1441 |   1384 |     57 |    215 |    861 |   2 |  720.5 |
       Ossuary |    416 |    416 |      0 |    161 |     94 |   1 |  416.0 |
      Ice Cave |   1714 |   1714 |      0 |   1180 |    241 |   1 | 1714.0 |
      Gauntlet |    747 |    747 |      0 |    366 |     57 |   1 |  747.0 |
               +--------+--------+--------+--------+--------+-----+--------+

Top non-repeatable levels by time:
Shoals:1: 2817 daAuts
Shoals:2: 2696 daAuts
  Lair:3: 2422 daAuts
  Lair:5: 1819 daAuts
 Snake:2: 1786 daAuts
    D:10: 1729 daAuts
     D:9: 1715 daAuts
   IceCv: 1714 daAuts
     D:8: 1676 daAuts
  Lair:2: 1601 daAuts
 Snake:4: 1574 daAuts
  Lair:1: 1310 daAuts
    D:12: 1220 daAuts
 Snake:3: 1219 daAuts
  Lair:4: 1209 daAuts
